 Dungeon Crawl Stone Soup version 0.32-a0-918-g0f22ef8d61 (webtiles) character file.

Game seed: 3325730985579746156

2425 GeoRichter the Destroyer (level 9, -6/50 HPs)
             Began as a Tengu Fire Elementalist on Apr 10, 2024.
             Was a Believer of Vehumet.
             Mangled by an orc warrior
             ... wielding a +0 war axe
              (13 damage)
             ... in a bailey.
             The game lasted 00:11:40 (7385 turns).

GeoRichter the Destroyer (Tengu Fire Elementalist)  Turns: 7385, Time: 00:11:40

Health: -6/50      AC:  2    Str:  8    XL:     9   Next: 48%
Magic:  7/17       EV: 15    Int: 20    God:    Vehumet [**....]
Gold:   198        SH:  0    Dex: 15    Spells: 15/18 levels left

rFire   . . .        f - +1 dagger (venom)
rCold   . . .        (no shield)
rNeg    . . .        a - +0 robe
rPois   .            (helmet restricted)
rElec   .            t - scarf {+Inv}
rCorr   .            (no gloves)
SInv    .            (boots unavailable)
Will    .....        (no amulet)
Stlth   ++           (no ring)
HPRegen 0.28/turn    (no ring)
MPRegen 0.15/turn

%: acrobat
@: flying
A: beak, talons 3, evasive flight, acrobatic
a: Renounce Religion, Evoke Invisibility


You were in a bailey.
You worshipped Vehumet.
Vehumet was pleased with you.
You visited 1 branch of the dungeon, and saw 7 of its levels.
You also visited: Bailey.

You collected 302 gold pieces.
You spent 104 gold pieces at shops.

Inventory:

Hand Weapons
 f - a +1 dagger of venom (weapon)
   (You took it off a goblin on level 1 of the Dungeon)
 y - the +3 flail of the Shore {freeze, ^Drain rCorr Int+6}
   (You found it on level 6 of the Dungeon)

   Int+6:     It affects your intelligence (+6).
   rCorr:     It protects you from acid and corrosion.
   ^Drain:    It drains your maximum health when unequipped.
Armour
 a - a +0 robe (worn)
 t - a scarf of invisibility (worn)
   (You found it on level 5 of the Dungeon)
Magical Staves
 s - a staff of air
   (You found it on level 4 of the Dungeon)
 w - the staff "Oregouge" {rPois Str+3 Alchemy}
   (You found it on level 5 of the Dungeon)

   [staff of alchemy]

   Base accuracy: +5 Base damage: 5 Base attack delay: 1.2 This weapon's minimum
   attack delay (0.6) is reached at skill level 12.
   Str+3:     It affects your strength (+3).
   rPois:     It protects you from poison.
   Alchemy:   It increases the power of your Alchemy spells.
   It falls into the 'Staves' category.
   It is a one-handed weapon.
Wands
 x - a wand of flame (4)
   (You found it on level 6 of the Dungeon)
Scrolls
 d - a scroll of noise {!r}
 g - 6 scrolls of teleportation {@r4}
 k - a scroll of vulnerability {unknown}
 l - 2 scrolls of immolation {!r}
 m - a scroll of amnesia
 o - a scroll of fog
 u - a scroll of enchant armour
Potions
 e - 2 potions of curing {@q1}
 h - 2 potions of mutation {!q}
 i - a potion of lignification {!q}
 p - a potion of might {unknown}
 r - a potion of invisibility {unknown}


   Skills:
 - Level 3.1 Fighting
 - Level 2.1 Dodging
 - Level 2.0 Stealth
 + Level 5.3 Spellcasting
 + Level 9.8 Conjurations
 - Level 6.0 Fire Magic
 * Level 7.8 Air Magic


You had 15 spell levels left.
You knew the following spells:

 Your Spells              Type           Power      Damage    Failure   Level
a - Foxfire               Conj/Fire      100%       2x1d9     1%          1
b - Scorch                Fire           58%        2d7       1%          2

Your spell library contained the following spells:

 Spells                   Type           Power      Damage    Failure   Level
 Static Discharge         Conj/Air       80%        3-7/arc   1%          2
 Kiss of Death            Conj/Necr      100%       2d13      1%          1
 Magic Dart               Conj           100%       1d8       1%          1
 Sting                    Conj/Alch      100%       1d9       1%          1
 Swiftness                Air            36%        N/A       1%          3
 Mercury Vapours          Alch/Air       40%        N/A       3%          2
 Flame Wave               Conj/Fire      37%        2d10      4%          4
 Inner Flame              Hex/Fire       17%        N/A       10%         3
 Volatile Blastmotes      Fire/Tloc      34%        2d12      10%         3
 Blink                    Tloc           10%        N/A       17%         2
 Call Imp                 Summ           10%        N/A       17%         2
 Ensorcelled Hibernation  Hex/Ice        10%        N/A       17%         2
 Confusing Touch          Hex            5%         N/A       34%         3
 Passwall                 Erth           5%         N/A       34%         3
 Dispel Undead            Necr           5%         3d7       75%         4
 Leda's Liquefaction      Alch/Erth      2%         N/A       75%         4
 Olgreb's Toxic Radiance  Alch           5%         N/A       75%         4
 Petrify                  Alch/Erth      5%         N/A       75%         4
 Metabolic Englaciation   Hex/Ice        2%         N/A       97%         5


Dungeon Overview and Level Annotations

Branches:
Dungeon (7/15) Zot: 26759  Temple (0/1) D:6          Bailey (1/1) Zot: 5320

Altars:
Qazlal
Vehumet
Xom

Shops:
D:1 :!!   D:4 *   D:6 *

Annotations:
D:4 2 transporters


Innate Abilities, Weirdness & Mutations

You have a beak for a mouth.
You have claws for feet.
Your magical flight helps you evade attacks. (EV +4)
You can magically evade attacks while moving or waiting.


Message History

You conjure some foxfire!
Casting: Foxfire (safe; 1% risk of failure)
Press: ? - help, Q - select action, (/) - cycle Dir - look around, f - activate You conjure some foxfire!
The foxfire hits the goblin.
The goblin is moderately wounded.
The foxfire hits the orc warrior but does no damage.
The orc warrior is lightly wounded.
Casting: Foxfire (safe; 1% risk of failure)
Press: ? - help, Q - select action, (/) - cycle Dir - look around, f - activate You conjure some foxfire!
The foxfire hits the orc warrior but does no damage.
The orc warrior is lightly wounded.
Casting: Foxfire (safe; 1% risk of failure)
Press: ? - help, Q - select action, (/) - cycle Dir - look around, f - activate You conjure some foxfire!
The foxfire hits the orc warrior but does no damage.
The orc warrior is lightly wounded.
The foxfire hits the goblin but does no damage.
The goblin is moderately wounded.
The foxfire hits the goblin.
The goblin is severely wounded.
Casting: Foxfire (safe; 1% risk of failure)
Press: ? - help, Q - select action, (/) - cycle Dir - look around, f - activate You conjure some foxfire!
The foxfire hits the goblin!
You kill the goblin!
Vehumet accepts your kill.
The foxfire hits the orc warrior but does no damage.
The orc warrior is lightly wounded.
Your foxfire dissipates!
The foxfire hits the orc warrior but does no damage.
The orc warrior is lightly wounded.
Casting: Foxfire (safe; 1% risk of failure)
Confirm with . or Enter, or press ? or * to list all spells.
Flames lash the orc warrior.
The orc warrior is moderately wounded.
The orc warrior's fire resistance burns away.
Casting: Scorch (safe; 1% risk of failure)
Confirm with . or Enter, or press ? or * to list all spells.
Flames lash the orc warrior.
The orc warrior is burned terribly!
The orc warrior is heavily wounded.
The orc warrior hits you with a +0 war axe!
* * * LOW HITPOINT WARNING * * *
Casting: Scorch (safe; 1% risk of failure)
Confirm with . or Enter, or press ? or * to list all spells.
Flames lash the orc warrior.
The orc warrior is burned terribly!
The orc warrior is heavily wounded.
The orc warrior hits you with a +0 war axe!
You die...

♣♣♣♣ ♣♣..♣♣♣♣♣
♣♣♣.......♣♣
♣♣..........♣
♣.....∩....♣♣
♣♣..........♣
♣.....∩....♣♣
♣♣♣...@....♣ ♣....o..)♣♣
♣♣##')'##♣ ##.....##
#.......# ##....)..##
#.........# ##.....)g..##
#######.....⌠.)...#######


You could see an orc warrior (combustible) and a goblin.

Vanquished Creatures
  2 orc knights (Bailey)
  2 water moccasins
  A black bear (D:6)
  3 orc warriors (Bailey)
  A centaur (D:6)
  A phantom (D:5)
  Blork the orc (D:4)
  A scorpion (D:4)
  2 wights (D:6)
  A howler monkey (D:4)
  A bombardier beetle (D:5)
  3 jellies
  A hound (D:4)
  A sleepcap (D:6)
  6 iguanas
  Robin (D:2)
  2 gnolls (Bailey)
  7 adders
  A shadow imp (D:6)
  2 white imps
  An ufetubus (D:7)
  A dart slug (D:1)
  A ribbon worm (D:4)
  19 orcs
  5 endoplasms
  A giant cockroach (D:1)
  15 hobgoblins
  6 jackals
  7 quokkas
  7 ball pythons
  5 bats
  A frilled lizard (D:1)
  23 goblins
  9 kobolds
  A rat (D:1)
142 creatures vanquished.

Vanquished Creatures (others)
  254 foxfires
254 creatures vanquished.

Grand Total: 396 creatures vanquished

Notes
Turn   | Place    | Note
-------+----------+-------------------------------------------
     0 | D:1      | GeoRichter the Tengu Fire Elementalist began the quest for
                  | the Orb.
     0 | D:1      | Reached XP level 1. HP: 10/10 MP: 4/4
   204 | D:1      | Reached XP level 2. HP: 15/15 MP: 3/6
   233 | D:1      | Found Qupir's Book Emporium.
   305 | D:1      | Reached skill level 2 in Conjurations
   438 | D:1      | Learned a level 2 spell: Scorch
   584 | D:1      | Found a faded altar of an unknown god.
   693 | D:1      | Found Vezorr's Distillery.
   893 | D:1      | Found Muudied's Distillery.
   919 | D:1      | Bought a potion of curing for 39 gold pieces
  1240 | D:2      | Reached XP level 3. HP: 14/19 MP: 0/7
  1383 | D:2      | Reached skill level 3 in Conjurations
  1383 | D:2      | Reached XP level 4. HP: 24/24 MP: 2/8
  1585 | D:2      | Noticed Robin
  1688 | D:1      | Reached skill level 5 in Fire Magic
  1730 | D:2      | Killed Robin
  2190 | D:1      | Bought a potion of heal wounds for 65 gold pieces
  2225 | D:2      | Reached XP level 5. HP: 28/28 MP: 4/9
  2762 | D:3      | Found a stormy altar of Qazlal.
  2893 | D:3      | Found a radiant altar of Vehumet.
  2941 | D:3      | Became a worshipper of Vehumet
  3049 | D:3      | Found a shimmering altar of Xom.
  3429 | D:4      | Reached skill level 4 in Conjurations
  3563 | D:4      | Reached XP level 6. HP: 32/32 MP: 1/10
  3600 | D:4      | Reached skill level 5 in Conjurations
  3795 | D:4      | Noticed Blork the orc
  3811 | D:4      | Killed Blork the orc
  3902 | D:4      | Found a transporter.
  3909 | D:4      | Found a transporter.
  4046 | D:4      | Reached skill level 1 in Fighting
  4142 | D:4      | Identified the +0 sling of Kismet {drain, Str+2 Int+3}
  4198 | D:4      | Found Daclar's General Store.
  4267 | D:4      | Reached skill level 6 in Conjurations
  4387 | D:5      | Entered Level 5 of the Dungeon
  4391 | D:5      | Gained mutation: Your magical flight helps you evade
                  | attacks. (EV +4) [Tengu growth]
  4391 | D:5      | Reached XP level 7. HP: 38/38 MP: 4/11
  4506 | D:4      | Reached * piety under Vehumet
  4506 | D:4      | Offered knowledge of Shock by Vehumet.
  4813 | D:5      | Reached skill level 7 in Conjurations
  5053 | D:5      | Identified the staff "Oregouge" {rPois Str+3 Alchemy}
  5438 | D:6      | Found a staircase to the Ecumenical Temple.
  5472 | D:6      | Reached XP level 8. HP: 45/45 MP: 2/14
  5648 | D:6      | Reached skill level 8 in Conjurations
  5967 | D:6      | Identified the +3 flail of the Shore {freeze, ^Drain rCorr
                  | Int+6}
  6025 | D:6      | Found Zutuses's Assorted Antiques.
  6468 | D:7      | Found a flagged portal.
  6706 | Bailey   | Entered a bailey
  6803 | Bailey   | Noticed an orc knight
  6856 | Bailey   | Killed an orc knight
  6857 | Bailey   | Reached skill level 9 in Conjurations
  6857 | Bailey   | Reached XP level 9. HP: 40/50 MP: 2/17
  6980 | Bailey   | Noticed an orc knight
  7026 | Bailey   | Killed an orc knight
  7027 | Bailey   | Reached skill level 5 in Spellcasting
  7214 | Bailey   | Offered knowledge of Static Discharge by Vehumet.
  7225 | Bailey   | Reached ** piety under Vehumet
  7385 | Bailey   | Mangled by an orc warrior

Illustrated notes

Levels and vault maps discovered:
D:1:      eino_arrival_cavern_d, layout_basic,
          shapermc_ecumenical_altar_mp_ritualfount, serial_shops,
          nicolae_shop_waterfront, nicolae_shop_gibbet_a_chance,
          nicolae_shop_industrial_runoff, nicolae_titane
D:2:      layout_rooms, uniq_robin
D:3:      layout_basic, marbit_many_paths, xom_teletrap_fun,
          mainiacjoe_overflow_concentric_impassable, chequers_decorated_corner
D:4:      gammafunk_steamed_eel, layout_gridville, serial_shops,
          nicolae_shop_behind_doors, uniq_blork_the_orc
D:5:      layout_gridville
D:6:      layout_cave_pods, minmay_temple_entry_from_below_b, serial_shops, shop
D:7:      minmay_blocky_corners, layout_loops_ring,
          mainiacjoe_overflow_brackets, serial_shops, shop, enter_bailey_6
Bailey:   bailey_axe_minmay_hex_keep, bailey

Skill      XL: |  1  2  3  4  5  6  7  8  9 |
---------------+----------------------------+-----
Conjurations   | 2 3 4 6 7 9 |  9.8
Fire Magic     | 4 5 6 |  6.0
Fighting       | 1 2 3 |  3.1
Spellcasting   | 3 4 5 |  5.3
Air Magic      | 6 7 |  7.8
Dodging        | |  2.1
Stealth        | |  2.0

Action                     |  1- 3 |  4- 6 |  7- 9 || total
---------------------------+-------+-------+-------++-------
  Melee: Dagger            |     1 |    20 |    43 ||    64
         Peck              |     1 |     2 |     2 ||     5
         Kick              |       |     7 |     2 ||     9
   Cast: Foxfire           |    32 |    51 |    61 ||   144
         Scorch            |     5 |    47 |    79 ||   131
    Use: Scroll            |       |     6 |     9 ||    15
         Potion            |       |       |     8 ||     8
 Armour: Robe              |     7 |    28 |    31 ||    66
         Skin              |       |       |    60 ||    60
  Dodge: Dodged            |     6 |    59 |    69 ||   134

Table legend: (Time is in decaauts)
 A = Elapsed time spent in this place.
 B = Non-inter-level travel time spent in this place.
 C = Inter-level travel time spent in this place.
 D = Time resting spent in this place.
 E = Time spent auto-exploring this place.
 F = Levels seen in this place.
 G = Mean time per level.
                   A        B        C        D        E       F      G
               +--------+--------+--------+--------+--------+-----+--------+
         Total |   7396 |   7171 |    225 |    339 |   5762 |   8 |  924.5 |
       Dungeon |   6717 |   6492 |    225 |    262 |   5383 |   7 |  959.6 |
        Bailey |    678 |    678 |      0 |     77 |    379 |   1 |  678.0 |
               +--------+--------+--------+--------+--------+-----+--------+

Top non-repeatable levels by time:
     D:1: 1519 daAuts
     D:6: 1379 daAuts
     D:4: 1084 daAuts
     D:3: 1050 daAuts
     D:5: 831 daAuts
     D:2: 830 daAuts
  Bailey: 678 daAuts
     D:7: 21 daAuts
